 Dungeon Crawl Stone Soup version 0.27.1-33-g824d729ab1 (webtiles) character file.

Game seed: 15547503516941333660

25 sking99 the Magician (level 3, 27/27 HPs)
             Began as a Djinni Fire Elementalist on Dec 7, 2021.
             Was a Plaything of Xom.
             Quit the game on level 1 of the Dungeon.
             The game lasted 00:02:25 (1115 turns).

sking99 the Magician (Djinni Fire Elementalist)     Turns: 1115, Time: 00:02:25

Health: 27/27      AC:  4    Str:  8    XL:     3   Next: 17%
Gold:   28         EV: 12    Int: 14    God:    Xom [......] SH:  0 Dex: 13

rFire    + + .     SeeInvis .   (no weapon)
rCold    x . .     Faith    .   (no shield)
rNeg     . . .     Spirit   .   a - +0 robe
rPois    ∞         Reflect  .   d - +2 hat
rElec    .         Harm     .   (no cloak)
rCorr    .         Rampage  .   (no gloves)
Will     .....                  (boots unavailable)
Stlth    ++........             (no amulet)
HPRegen  0.09/turn              (no ring)
MPRegen  0.00/turn              (no ring)

@: flying
A: sickness immunity, fire resistance 2, cold vulnerability 1, float, innate
caster, hp casting, extra vitality 1, dopey 1, screaming 1
a: Renounce Religion


You were on level 1 of the Dungeon.
You worshipped Xom.
You were a very special plaything of Xom.
You visited 1 branch of the dungeon, and saw 1 of its levels.

You collected 28 gold pieces.

Inventory:

Hand Weapons
 c - a +0 dagger
Armour
 a - a +0 robe (worn)
 d - a +2 hat (worn)
Potions
 b - 2 potions of curing {unknown}
 e - a potion of haste {unknown}


   Skills:
 + Level 1.1 Fighting
 + Level 2.6 Dodging
 - Level 1.5 Stealth
 * Level 2.9 Spellcasting


You couldn't memorise any spells.
You knew the following spells:

 Your Spells              Type           Power      Damage    Failure   Level
a - Foxfire               Conj/Fire      40%        2x1d6     7%          1
b - Conjure Flame         Conj/Fire      10%        6-21      21%         3
c - Inner Flame           Hex/Fire       10%        N/A       21%         3
d - Sticky Flame          Conj/Fire      10%        2d3       54%         4
e - Fireball              Conj/Fire      5%         3d5       88%         5
f - Shock                 Conj/Air       40%        1d5       7%          1
Your spell library was empty.

Dungeon Overview and Level Annotations

Branches:
Dungeon (1/15)

Altars:
Xom


Innate Abilities, Weirdness & Mutations

You are immune to sickness and miasma.
You are immune to poison.
Your flesh is very heat resistant. (rF++)
You are vulnerable to cold. (rC-)
You float through the air rather than walking.
You learn spells naturally, not from books.
Your magical power is your life essence.
You have superior vitality. (+4 HP)
You are dopey. (Int -2)
You occasionally shout uncontrollably at your foes.


Message History

You continue putting on your +2 hat.
Your magical contamination has completely faded away.
You continue putting on your +2 hat.
You finish putting on your +2 hat. "You need some minor improvements, mortal!"
Your body is suffused with distortional energy.
You feel the urge to shout.
You feel stupid. "Time to have some fun!"
There are monsters nearby!
Casting: Foxfire (safe; 7% risk of failure)
Confirm with . or Enter, or press ? or * to list all spells.
You conjure some foxfire!
The bat hits you but does no damage.
The foxfire hits the ball python.
The ball python is moderately wounded.
Casting: Foxfire (safe; 7% risk of failure)
Confirm with . or Enter, or press ? or * to list all spells.
You conjure some foxfire!
The foxfire hits the ball python.
You kill the ball python!
The ball python's corpse disappears in a puff of smoke!
The foxfire hits the bat.
You kill the bat!
The bat's corpse disappears in a puff of smoke!
The ball python bites you but does no damage.
The ball python barely misses you.
The foxfire hits the ball python.
The ball python is moderately wounded.
The ball python barely misses you. The ball python completely misses you.
Casting: Foxfire (safe; 7% risk of failure)
Confirm with . or Enter, or press ? or * to list all spells.
You conjure some foxfire!
The ball python closely misses you. The ball python barely misses you.
The foxfire hits the ball python.
You kill the ball python!
The ball python's corpse degenerates into a cloud of primal chaos!
Your foxfire is engulfed in seething chaos.
Your foxfire dissipates!
e - a fuming purple potion You now have 28 gold pieces (gained 4).
You see here 6 atropa-tipped darts.
Are you sure you want to abandon this character and quit the game? (Confirm with "yes".)

###.###.#.# # #.#
#.#.#.. #.###.....#
#......#.##
##########.(.#..#.##
#.$......#.#.##.#..#
#........#)#..#.....
#..........##..##.#.
#..@.....#####[##...
#........# #.###..
#........# #.....#
#........# #####..#
#........####......#
#........##...####.#
#........#..#### #.#
#####....÷.)...# #..
#..........# ###


There were no monsters in sight!

Vanquished Creatures
  3 bats (D:1)
  2 endoplasms (D:1)
  A goblin (D:1)
  A hobgoblin (D:1)
  3 kobolds (D:1)
  A quokka (D:1)
  6 ball pythons (D:1)
  A frilled lizard (D:1)
  6 rats (D:1)
  A spectral kobold (D:1)
25 creatures vanquished.

Vanquished Creatures (others)
  77 foxfires (D:1)
77 creatures vanquished.

Grand Total: 102 creatures vanquished

Notes
Turn   | Place    | Note
-------+----------+-------------------------------------------
     0 | D:1      | sking99 the Djinni Fire Elementalist began the quest for
                  | the Orb.
     0 | D:1      | Reached XP level 1. HP: 15/15 MP: 0/0
   381 | D:1      | Reached XP level 2. HP: 20/22 MP: 0/0
   602 | D:1      | Found a faded altar of an unknown god.
   644 | D:1      | Became a worshipper of Xom of Malicious Giggling
   755 | D:1      | XOM: silly message
   846 | D:1      | Reached skill level 1 in Fighting
   846 | D:1      | Reached XP level 3. HP: 25/27 MP: 0/0
   846 | D:1      | Learned a level 1 spell: Shock
  1044 | D:1      | XOM: give mutations
  1044 | D:1      | Gained mutation: You occasionally shout uncontrollably at
                  | your foes. [Xom's mischief]
  1044 | D:1      | Gained mutation: You are dopey. (Int -2) [Xom's mischief]
  1055 | D:1      | XOM: summons 3 hostile shadow creatures
  1115 | D:1      | Quit the game

Illustrated notes

Levels and vault maps discovered:
D:1:      wander_arrival_desolate, layout_rooms,
          dreamdust_ecumenical_altar_drowned_temple

Skill      XL: |  1  2 |
---------------+-------+-----
Fighting       | 1 |  1.1
Dodging        | |  2.6
Stealth        | |  1.5
Spellcasting   | |  2.9

Action                   || total
-------------------------++-------
 Cast: Foxfire           ||    44
Armor: Robe              ||     8
Dodge: Dodged            ||    15
